[Event "Titled Tuesday Blitz March 01 Early 2022"]
[White "Vifleemskaia, Svetlana"]
[Black "Yushko, Olga"]
[WhiteFideId "4129490"]
[BlackFideId "14114500"]
[WhiteElo "1901"]
[BlackElo "2028"]
[Result "0-1"]
[Round "09"]
[TimeControl "180+1"]
[Date "2022.03.01"]
[WhiteClock "0:00:01"]
[BlackClock "0:00:52"]

1. d4 e6 2. c4 f5 3. Nf3 Nf6 4. Qc2 d6 5. Bf4 Be7 6. Nc3 O-O 7. e4 Nxe4 8. Nxe4 fxe4 9. Qxe4 d5 10. Qe3 Bb4+ 11. Kd1 c5 12. a3 cxd4 13. Qxd4 Be7 14. Bg3 dxc4 15. Qxd8 Rxd8+ 16. Kc2 b5 17. b3 cxb3+ 18. Kxb3 a6 19. Be2 Nc6 20. Rhd1 Bb7 21. Bc7 Rd5 22. Rxd5 exd5 23. Rd1 Rc8 24. Bb6 Nb8 25. Ne5 Bf6 26. f4 Re8 27. Bc7 Bxe5 28. fxe5 Nd7 29. Bf3 Kf7 30. Bxd5+ Bxd5+ 31. Rxd5 Nf8 32. Rd2 Ng6 33. Rd7+ Kg8 34. Rd5 Nf4 35. Rc5 Nxg2 36. Rc6 Nf4 37. Rxa6 Nd5 38. Bd6 Rc8 39. Ra5 Rc3+ 40. Kb2 Rh3 41. e6 g5 42. Rxb5 Nf6 43. Rxg5+ Kh8 44. Be5 h6 45. Rg6 Kh7 46. Rxf6 Re3 47. Rf5 Kg6 48. Bd4 Re2+ 49. Kc3 Kxf5 50. e7 Rxe7 51. Kd3 Rb7 52. Bc5 Rb2 53. h4 Kg4 54. Be7 Rb3+ 55. Kc4 Re3 56. Bd8 Re8 57. Bf6 Re6 58. Bd8 Rd6 59. Be7 Rd7 60. Bf6 Kf5 61. Bc3 Ke4 0-1


[Site "https://www.chess.com"]

[Event "Titled Tuesday Blitz March 01 Early 2022"]
[White "Vivas Zamora, Fabian Ernesto"]
[Black "Ardila, Oscar Humberto"]
[WhiteFideId "3902480"]
[BlackFideId "4404742"]
[WhiteElo "1966"]
[BlackElo "1898"]
[Result "1-0"]
[Round "09"]
[TimeControl "180+1"]
[Date "2022.03.01"]
[WhiteClock "0:00:01"]
[BlackClock "0:00:04"]

1. c4 Nf6 2. Nc3 e6 3. e4 d6 4. d4 Be7 5. f4 Nbd7 6. Nf3 O-O 7. e5 Ne8 8. Bd3 f5 9. exf6 Nexf6 10. Qe2 Nb6 11. Ng5 e5 12. fxe5 dxe5 13. dxe5 Bg4 14. Qc2 Nfd7 15. Bxh7+ Kh8 16. h3 Bf5 17. Bxf5 Bxg5 18. O-O Nxe5 19. Qe4 Nexc4 20. Qg4 Bxc1 21. Raxc1 Qd6 22. Bg6 Qc5+ 23. Kh1 Qe3 24. Rce1 Qh6 25. Rxf8+ Rxf8 26. Qf5 Rg8 27. Qf7 Nd6 28. Qe6 Nbc4 29. Re4 Qc1+ 30. Re1 Qg5 31. b3 Nd2 32. Re5 Qh6 33. Rh5 Rf8 34. Rxh6+ gxh6 35. Kh2 Kg7 36. Bd3 1-0


[Site "https://www.chess.com"]

[Event "Titled Tuesday Blitz March 01 Early 2022"]
[White "Vlassov, Nikolai"]
[Black "Dauner, Benedikt"]
[WhiteFideId "4103360"]
[BlackFideId "16225899"]
[WhiteElo "2407"]
[BlackElo "2230"]
[Result "1-0"]
[Round "09"]
[TimeControl "180+1"]
[Date "2022.03.01"]
[WhiteClock "0:00:08"]
[BlackClock "0:00:34"]

1. e4 g6 2. h4 d5 3. exd5 Nf6 4. Bb5+ c6 5. dxc6 Nxc6 6. Nc3 Bg4 7. f3 Bf5 8. g4 Be6 9. h5 Qc7 10. Nge2 O-O-O 11. hxg6 Ne5 12. Kf2 Bxg4 13. fxg4 Nfxg4+ 14. Kg2 Ne3+ 15. dxe3 Rxd1 16. Rxd1 hxg6 17. e4 Ng4 18. Bf4 e5 19. Bd7+ Kb8 20. Bxg4 exf4 21. Rd7 f3+ 22. Kxf3 Qh2 23. Rd8+ Kc7 24. Rad1 Bc5 25. R1d7+ Kc6 26. Nd4+ Bxd4 27. Rd6+ Kc7 28. Nb5# 1-0


[Site "https://www.chess.com"]

[Event "Titled Tuesday Blitz March 01 Early 2022"]
[White "Vusatiuk, Vladimir"]
[Black "Zaksaite, Salomeja"]
[WhiteFideId "14118610"]
[BlackFideId "12801496"]
[WhiteElo "2157"]
[BlackElo "2002"]
[Result "1-0"]
[Round "09"]
[TimeControl "180+1"]
[Date "2022.03.01"]
[WhiteClock "0:00:06"]
[BlackClock "0:00:02"]

1. d4 Nf6 2. c4 g6 3. Nc3 d5 4. cxd5 Nxd5 5. Bd2 Bg7 6. e4 Nxc3 7. Bxc3 O-O 8. Qd2 b6 9. Bc4 Bb7 10. f3 Nd7 11. Ne2 e6 12. O-O c5 13. Rfd1 cxd4 14. Bxd4 Bxd4+ 15. Qxd4 Nc5 16. Qe3 Qe7 17. b4 Na4 18. Bb5 Qxb4 19. Rab1 Qa5 20. Rd3 a6 21. Bxa4 Qxa4 22. Rxb6 Rab8 23. Nc3 Qa3 24. Nd5 Qxa2 25. Nf6+ Kg7 26. Qd4 Rfd8 27. Nd7+ Kh6 28. Qe3+ g5 29. Nxb8 Qa1+ 30. Kf2 1-0


[Site "https://www.chess.com"]

[Event "Titled Tuesday Blitz March 01 Early 2022"]
[White "Wagner, Dennis"]
[Black "Jaferian, Koosha"]
[WhiteFideId "24650684"]
[BlackFideId "12507440"]
[WhiteElo "2355"]
[BlackElo "2027"]
[Result "1-0"]
[Round "09"]
[TimeControl "180+1"]
[Date "2022.03.01"]
[WhiteClock "0:00:51"]
[BlackClock "0:00:44"]

1. d4 Nf6 2. c4 e6 3. Nf3 b6 4. g3 Ba6 5. b3 Bb4+ 6. Bd2 Be7 7. Bg2 O-O 8. O-O c6 9. Bc3 d5 10. Nbd2 Nbd7 11. Re1 Rc8 12. e4 dxe4 13. Nxe4 Nxe4 14. Rxe4 Bb7 15. Re2 Bf6 16. Rd2 Qe7 17. Qc2 Rfd8 18. Re1 Qf8 19. h4 h6 20. Nh2 Ba8 21. Ng4 c5 22. Nxf6+ Nxf6 23. d5 Nh7 24. dxe6 Rxd2 25. Qxd2 Bxg2 26. e7 Qe8 27. Kxg2 f6 28. Qd5+ Kh8 29. Bd2 Rc7 30. Qd8 Rc8 31. Qxc8 1-0


[Site "https://www.chess.com"]

[Event "Titled Tuesday Blitz March 01 Early 2022"]
[White "Weetik, Vjacheslav"]
[Black "Demchenko, Anton"]
[WhiteFideId "4153472"]
[BlackFideId "4160258"]
[WhiteElo "2469"]
[BlackElo "2539"]
[Result "0-1"]
[Round "09"]
[TimeControl "180+1"]
[Date "2022.03.01"]
[WhiteClock "0:00:06"]
[BlackClock "0:00:27"]

1. d4 Nf6 2. c4 d6 3. Nc3 e5 4. Nf3 Nbd7 5. e4 Be7 6. Be2 c6 7. O-O Qc7 8. Qc2 Nf8 9. Rd1 Ng6 10. h3 O-O 11. b4 Bd7 12. Bb2 Rfe8 13. Bf1 Rac8 14. Rac1 Qb8 15. Qb1 h6 16. d5 cxd5 17. cxd5 Bd8 18. a4 a6 19. a5 Qa7 20. Qd3 Nf4 21. Qe3 Qb8 22. Kh2 Nh7 23. g3 Ng6 24. Rd2 Ng5 25. Rdc2 f5 26. exf5 Bxf5 27. Rd2 Bd7 28. Rcd1 Rf8 29. Ng1 Ne7 30. h4 Nh7 31. Bh3 Bxh3 32. Nxh3 Nf6 33. Ne4 Ng4+ 0-1


[Site "https://www.chess.com"]

[Event "Titled Tuesday Blitz March 01 Early 2022"]
[White "Winkels, Marcel"]
[Black "Mohammadian, Mohammad"]
[WhiteFideId "1003887"]
[BlackFideId "12566055"]
[WhiteElo "1900"]
[BlackElo "1543"]
[Result "0-1"]
[Round "09"]
[TimeControl "180+1"]
[Date "2022.03.01"]
[WhiteClock "0:00:07"]
[BlackClock "0:00:13"]

1. b3 Nf6 2. Bb2 d5 3. Nf3 c5 4. e3 Nc6 5. Bb5 Bd7 6. O-O e6 7. Bxc6 Bxc6 8. Ne5 Bd6 9. f4 O-O 10. d3 Qc7 11. Nd2 Nd7 12. Nxd7 Qxd7 13. Qg4 f6 14. Nf3 Rae8 15. Rae1 e5 16. Qxd7 Bxd7 17. fxe5 fxe5 18. Nd2 h6 19. c4 d4 20. Ne4 Rxf1+ 21. Rxf1 Be7 22. exd4 exd4 23. b4 b6 24. bxc5 bxc5 25. Ba3 Bc6 26. Re1 Bxe4 27. Rxe4 Kf7 28. Re5 Rc8 29. g3 a6 30. Rd5 Ke6 31. Kf2 g5 32. Kf3 h5 33. Ke4 Kf6 34. Rf5+ Kg6 35. Rf2 Re8 36. Kd5 Rc8 37. Rb2 h4 38. Rb6+ Kh5 39. Rxa6 hxg3 40. hxg3 Kg4 41. Re6 Bf8 42. Re5 Bh6 43. Re6 Bf8 44. Re5 Kxg3 45. Rxg5+ Kf4 46. Rg6 Ke3 47. Rg3+ Kf4 48. Rh3 Kg4 49. Rh7 Kf3 0-1


[Site "https://www.chess.com"]

[Event "Titled Tuesday Blitz March 01 Early 2022"]
[White "Wong, Yinn Long"]
[Black "Manolache, Marius"]
[WhiteFideId "5707684"]
[BlackFideId "1201530"]
[WhiteElo "2055"]
[BlackElo "2389"]
[Result "1-0"]
[Round "09"]
[TimeControl "180+1"]
[Date "2022.03.01"]
[WhiteClock "0:00:11"]
[BlackClock "0:00:21"]

1. e4 c5 2. Nc3 a6 3. g3 Nc6 4. Bg2 g6 5. d3 Bg7 6. Nge2 Nd4 7. O-O d6 8. Rb1 e5 9. a3 Ne7 10. b4 O-O 11. Be3 b5 12. Qd2 Be6 13. f4 f6 14. fxe5 fxe5 15. Rxf8+ Qxf8 16. Rf1 Qe8 17. bxc5 dxc5 18. Nd5 Rc8 19. c3 Nxe2+ 20. Qxe2 c4 21. Bg5 Nxd5 22. exd5 Bf5 23. dxc4 bxc4 24. d6 Qd7 25. Bd5+ Kh8 26. Be7 Bd3 27. Qe3 Bxf1 28. Kxf1 Qf5+ 29. Kg2 e4 30. Qxe4 Qxe4+ 31. Bxe4 Rb8 32. d7 Be5 33. d8=Q+ Rxd8 34. Bxd8 Bxc3 35. Bd5 Kg7 36. Bxc4 a5 37. a4 h5 38. h4 Bb4 39. Kf3 Kh6 40. Bf6 Bd6 41. Bg5+ Kg7 42. Bd2 Bc7 43. Bf4 Bb6 44. Ke4 Kf6 45. Be3 Bc7 46. Bg5+ Kg7 47. Bf4 Bb6 48. Kd5 Kf6 49. Kc6 Bf2 50. Bd3 Be1 51. Kb5 Kf7 52. Be5 Ke6 53. Bc7 Kf7 54. Kc6 Kg7 55. Be5+ Kf7 56. Bc4+ Ke7 57. Kd5 Bd2 58. Ke4 Be1 59. Bf4 Kf6 60. Kf3 Kg7 61. Ke2 Bb4 62. Bd2 Bd6 63. Bxa5 Bxg3 64. Be1 Bb8 65. a5 Kf6 66. Kf3 g5 67. Bc3+ Kg6 68. Bd3+ Kh6 69. Bd2 Bc7 70. hxg5+ Kg7 71. a6 Bb6 72. Be3 1-0


[Site "https://www.chess.com"]

[Event "Titled Tuesday Blitz March 01 Early 2022"]
[White "Yang, Kaiqi"]
[Black "Kukhmazov, Arsen"]
[WhiteFideId "8604398"]
[BlackFideId "24108260"]
[WhiteElo "2373"]
[BlackElo "2487"]
[Result "0-1"]
[Round "09"]
[TimeControl "180+1"]
[Date "2022.03.01"]
[WhiteClock "0:00:02"]
[BlackClock "0:00:29"]

1. c4 c6 2. d4 d5 3. cxd5 cxd5 4. Bf4 Qb6 5. Qc2 Nc6 6. e3 Bf5 7. Qxf5 Qxb2 8. Qxd5 e6 9. Qb3 Bb4+ 10. Kd1 Qxa1 11. Bb5 a5 12. Nf3 Ne7 13. Ne1 Nd5 14. Nc2 Nc3+ 15. Kc1 Nxa2+ 16. Kd1 Nc3+ 17. Kc1 Na2+ 18. Kd1 Qxb1+ 19. Qxb1 Nc3+ 20. Kc1 Nxb1 21. Kxb1 O-O 22. Nxb4 axb4 23. Kb2 Rfc8 24. Rc1 Na5 25. Rc5 b6 26. Rc7 h6 27. e4 g5 28. Bg3 Rxc7 29. Bxc7 Rc8 30. Bxb6 Nc4+ 31. Bxc4 Rxc4 32. Kb3 Rc3+ 33. Kxb4 Rc2 34. d5 Kf8 35. g4 Ke7 36. Bc5+ Kd7 37. Bd4 Kd6 38. Bg7 exd5 39. exd5 Rxf2 40. Bxh6 f6 41. Bg7 Kxd5 42. Kc3 Ke4 0-1


[Site "https://www.chess.com"]

[Event "Titled Tuesday Blitz March 01 Early 2022"]
[White "Yuan, Qingyu"]
[Black "Timofeev, Artyom"]
[WhiteFideId "8609772"]
[BlackFideId "4140419"]
[WhiteElo "2359"]
[BlackElo "2583"]
[Result "0-1"]
[Round "09"]
[TimeControl "180+1"]
[Date "2022.03.01"]
[WhiteClock "0:00:01"]
[BlackClock "0:00:52"]

1. e4 c5 2. Nf3 d6 3. Bb5+ Bd7 4. c4 Nf6 5. Nc3 Bxb5 6. cxb5 Nbd7 7. O-O e6 8. d4 cxd4 9. Qxd4 Be7 10. Bg5 h6 11. Bh4 O-O 12. Rfd1 Qb6 13. Qd2 Rfd8 14. Qe2 Rac8 15. Rd2 Ne5 16. Nxe5 dxe5 17. Bg3 Rxd2 18. Qxd2 Bc5 19. Bxe5 Bxf2+ 20. Qxf2 Qxf2+ 21. Kxf2 Ng4+ 22. Ke2 Nxe5 23. Rd1 Kf8 24. h3 Ke7 25. Rd4 b6 26. Ra4 Rc7 27. Kd1 g5 28. Ke2 h5 29. Ke1 Nd3+ 30. Kd2 Nxb2 31. Rb4 Nc4+ 32. Kd3 Ne5+ 33. Kd2 h4 34. Ra4 Kf6 35. Ne2 Nc4+ 36. Ke1 Ke5 37. Kf2 Nd6 38. Ke3 Nxb5 39. Rb4 Na3 40. Nd4 Nc2+ 41. Nxc2 Rxc2 42. Rb5+ Kf6 43. Rb4 Rxa2 44. Kf3 Ra3+ 45. Kf2 Ke5 46. Rb5+ Kf4 47. e5 Ra5 48. Rxa5 bxa5 0-1


[Site "https://www.chess.com"]

[Event "Titled Tuesday Blitz March 01 Early 2022"]
[White "Yurtseven, Melih"]
[Black "Zia, Tahsin Tajwar"]
[WhiteFideId "6312160"]
[BlackFideId "10211888"]
[WhiteElo "2160"]
[BlackElo "1800"]
[Result "1-0"]
[Round "09"]
[TimeControl "180+1"]
[Date "2022.03.01"]
[WhiteClock "0:00:14"]
[BlackClock "0:00:07"]

1. Nf3 d5 2. g3 Nd7 3. d4 Nb6 4. Bg2 Bf5 5. a4 a5 6. O-O e6 7. b3 Nf6 8. Ba3 Bxa3 9. Nxa3 c6 10. c4 Ne4 11. Rc1 O-O 12. Ne5 Nd7 13. Nd3 Qe7 14. Nc2 Rfd8 15. Ne3 Bg6 16. Nf4 Qb4 17. Nxg6 hxg6 18. Bxe4 dxe4 19. Qc2 e5 20. d5 Nc5 21. Rb1 Rd6 22. Rfd1 Rad8 23. Qb2 f6 24. Nc2 Qb6 25. Ne3 Na6 26. Qc3 Qb4 27. Qc2 Nc5 28. Rd2 f5 29. Qd1 f4 30. Nc2 Qc3 31. Na3 e3 32. fxe3 Qxe3+ 33. Kg2 Ne4 34. Rd3 Qf2+ 35. Kh3 fxg3 36. Qg1 Qxe2 37. Re3 Qh5+ 38. Kg2 Rf8 39. hxg3 Rdf6 40. Rb2 Rf3 41. Rxe4 Qg5 42. Qe1 R8f4 43. Rxf4 exf4 44. Qe6+ Kh7 45. Kxf3 Qxg3+ 46. Ke2 Qg2+ 47. Kd3 Qxb2 48. Qh3+ Kg8 49. Qc8+ Kf7 50. Qxb7+ Kf8 51. Qc8+ Kf7 52. Qe6+ Kf8 53. Qd6+ Kg8 54. dxc6 Qxb3+ 55. Ke4 Qe3+ 56. Kd5 f3 57. Qe6+ Qxe6+ 58. Kxe6 f2 59. c7 f1=Q 60. c8=Q+ Kh7 61. Qc5 Qf6+ 62. Kd7 Qf7+ 63. Kc6 Qe6+ 64. Qd6 Qe4+ 65. Qd5 Qc2 66. Nb5 Qxa4 67. Kb6 Qb4 68. c5 a4 69. c6 a3 70. c7 a2 71. Qxa2 Qg4 72. Qh2+ Kg8 73. Qd6 Kh7 74. Qd8 Qg1+ 75. Kb7 Qg2+ 76. Kb8 Qc6 77. c8=Q Qxb5+ 78. Qb7 Qe5+ 79. Qdc7 Qe8+ 80. Ka7 Qa4+ 81. Qa6 Qd4+ 82. Kb8 Qb4+ 83. Qab6 Qf8+ 84. Qd8 Qf4+ 85. Qdd6 Qf5 86. Qh2+ Kg8 87. Qd8+ Kf7 88. Qa2+ Qe6 89. Qf8+ Kxf8 90. Qxe6 g5 91. Qg6 g4 92. Qxg4 Kf7 93. Kc8 g6 94. Kc7 Kf6 95. Kc6 g5 96. Kd5 1-0


[Site "https://www.chess.com"]

[Event "Titled Tuesday Blitz March 01 Early 2022"]
[White "Zanette, Edgard Vinicius"]
[Black "Guseva, Marina"]
[WhiteFideId "2109263"]
[BlackFideId "4149351"]
[WhiteElo "2182"]
[BlackElo "2232"]
[Result "1-0"]
[Round "09"]
[TimeControl "180+1"]
[Date "2022.03.01"]
[WhiteClock "0:00:03"]
[BlackClock "0:00:01"]

1. e4 c5 2. Nc3 d6 3. g3 g6 4. Bg2 Bg7 5. Nge2 Nc6 6. d3 e6 7. Be3 Nd4 8. Qd2 Ne7 9. Nd1 b5 10. c3 Nxe2 11. Qxe2 Bb7 12. O-O O-O 13. d4 cxd4 14. cxd4 b4 15. Qd2 a5 16. Bh6 Qb6 17. Bxg7 Kxg7 18. Ne3 Rac8 19. Rac1 Ba6 20. Rfd1 h5 21. d5 e5 22. g4 hxg4 23. Nxg4 Ng8 24. Bh3 Rxc1 25. Rxc1 Bb5 26. Qg5 Qd4 27. Ne3 Qxe4 28. Nf5+ Kh7 29. Nxd6 Qxd5 30. Qh4+ Nh6 31. Qe7 Kg7 32. Re1 Bc6 33. Ne4 Ng8 34. Qh4 Qd8 35. Qg3 f6 36. Nc5 Bd5 37. Rd1 Qa8 38. Nd7 Rf7 39. Nb6 Qc6 40. Nxd5 Nh6 41. Bg2 Qc5 42. Qe3 Qf8 43. Qb6 Nf5 44. Ne3 1-0


[Site "https://www.chess.com"]

[Event "Titled Tuesday Blitz March 01 Early 2022"]
[White "Zavgorodniy, Sergiy"]
[Black "Mohammad Fahad, Rahman"]
[WhiteFideId "14110148"]
[BlackFideId "10207791"]
[WhiteElo "2420"]
[BlackElo "2323"]
[Result "1-0"]
[Round "09"]
[TimeControl "180+1"]
[Date "2022.03.01"]
[WhiteClock "0:01:50"]
[BlackClock "0:00:49"]

1. e4 c5 2. Nf3 d6 3. c3 Nf6 4. Bc4 e6 5. Qe2 Be7 6. O-O O-O 7. Bb3 Nc6 8. d4 b6 9. e5 dxe5 10. dxe5 Nd7 11. Nbd2 Qc7 12. Re1 Bb7 13. Bc2 Rfd8 14. h4 h6 15. h5 Nf8 16. Nf1 a6 17. N1h2 b5 18. Ng4 Na5 19. Nxh6+ gxh6 20. Bxh6 Nc4 21. b3 Na3 22. Nh2 Nxc2 23. Qg4+ Ng6 24. hxg6 f5 25. exf6 Bxf6 26. Qxe6+ Kh8 27. Qxf6+ Kg8 28. Re7 1-0


[Site "https://www.chess.com"]

[Event "Titled Tuesday Blitz March 01 Early 2022"]
[White "Zhigalko, Sergei"]
[Black "Paravyan, David"]
[WhiteFideId "13502956"]
[BlackFideId "4194985"]
[WhiteElo "2924"]
[BlackElo "2984"]
[Result "0-1"]
[Round "09"]
[TimeControl "180+1"]
[Date "2022.03.01"]
[WhiteClock "0:00:10"]
[BlackClock "0:02:27"]

1. e4 e5 2. Nf3 Nf6 3. d4 Nxe4 4. Bd3 d5 5. Nxe5 Bd6 6. O-O O-O 7. Nc3 Nxc3 8. bxc3 Nd7 9. Re1 Bxe5 10. dxe5 Re8 11. Bf4 Nc5 12. Qh5 Nxd3 13. cxd3 Qd7 14. h3 Qf5 15. Qf3 Bd7 16. Rad1 Rad8 17. Re3 d4 18. cxd4 Bc6 19. Qg3 Rxd4 20. Bg5 Qg6 21. Rde1 h6 22. Bh4 Rxh4 23. e6 Qxg3 24. fxg3 Rd4 25. exf7+ Kxf7 26. Rf1+ Kg8 27. Rxe8+ Bxe8 28. Re1 0-1


[Site "https://www.chess.com"]

[Event "Titled Tuesday Blitz March 01 Early 2022"]
[White "Ahmadzada, Ahmad"]
[Black "Kretov, Evgenij"]
[WhiteFideId "13413007"]
[BlackFideId "4167821"]
[WhiteElo "2228"]
[BlackElo "2303"]
[Result "1-0"]
[Round "10"]
[TimeControl "180+1"]
[Date "2022.03.01"]
[WhiteClock "0:00:03"]
[BlackClock "0:00:10"]

1. Nf3 c5 2. g3 b6 3. Bg2 Bb7 4. O-O Nf6 5. c4 e6 6. Nc3 Be7 7. Re1 d6 8. e4 a6 9. d4 cxd4 10. Nxd4 Qc7 11. b3 Nbd7 12. Bb2 O-O 13. Rc1 Rac8 14. g4 g6 15. h3 Rfd8 16. Qd2 Bf8 17. f4 e5 18. Nde2 exf4 19. Nxf4 Ne5 20. g5 Nfd7 21. Rf1 Bc6 22. Nfd5 Qb7 23. Nb4 b5 24. Nxc6 Rxc6 25. cxb5 axb5 26. Nd5 Rxc1 27. Rxc1 Rc8 28. Bd4 Rxc1+ 29. Qxc1 Qa8 30. Qd2 Bg7 31. h4 Nc5 32. Kh1 Ne6 33. Bg1 Ng4 34. Bh3 h5 35. gxh6 Bxh6 36. Qe2 Ne5 37. Qxb5 Qxa2 38. Bxe6 fxe6 39. Qe8+ Kg7 40. Qe7+ Nf7 41. Qxe6 Qb1 42. Qf6+ Kf8 43. Qxg6 Bg7 44. Qg4 Be5 45. Qc8+ Kg7 46. Qg4+ Kf8 47. b4 Nh6 48. Qc8+ Kg7 49. Qc4 Ng4 50. Qe2 Nf6 51. Nxf6 Kxf6 52. b5 Qb3 53. Qf2+ Ke7 54. Qg2 Qxb5 55. h5 Qe8 56. Qg4 Qf7 57. Kg2 d5 58. Bc5+ Bd6 59. Qg5+ Kd7 60. Bxd6 dxe4 61. Qg6 Qf3+ 62. Kh2 e3 63. Bg3 e2 64. Qd6+ Ke8 65. Qe6+ Kd8 66. Qd6+ Ke8 67. Qg6+ Kd8 68. Qg8+ Kd7 69. Qg7+ Kc6 70. Qc7+ Kb5 71. Qd7+ Kc4 72. Qe6+ Kd3 73. Qe5 Qf1 74. h6 Qf7 75. Qd6+ Kc2 76. Qc5+ Kd1 77. Qd4+ Kc2 78. Qe4+ Kd2 79. h7 Qh5+ 80. Kg2 Qh6 81. Qd4+ Kc2 82. h8=Q Qc6+ 83. Kh2 e1=Q 84. Qb2+ Kd3 85. Qhd4# 1-0


[Site "https://www.chess.com"]

[Event "Titled Tuesday Blitz March 01 Early 2022"]
[White "Alavi, Sayed Javad"]
[Black "Kanyamarala, Tarun"]
[WhiteFideId "12500607"]
[BlackFideId "45004714"]
[WhiteElo "2475"]
[BlackElo "2144"]
[Result "0-1"]
[Round "10"]
[TimeControl "180+1"]
[Date "2022.03.01"]
[WhiteClock "0:00:03"]
[BlackClock "0:00:14"]

1. e4 c5 2. Nf3 Nc6 3. Bb5 g6 4. Bxc6 dxc6 5. d3 Bg7 6. h3 Nf6 7. Nc3 Nd7 8. Be3 e5 9. Qd2 h6 10. O-O-O b6 11. h4 Nf8 12. h5 g5 13. Ne2 Ne6 14. Ng3 Nf4 15. Bxf4 exf4 16. Nf5 Bxf5 17. exf5 O-O 18. Kb1 Qf6 19. c3 Qxf5 20. Qc2 Rfe8 21. Rde1 Rxe1+ 22. Rxe1 Rd8 23. Kc1 Bf6 24. Nd2 Qxd3 25. Re8+ Kg7 26. Qxd3 Rxd3 27. Ne4 Rd7 28. Rc8 Be5 29. Rxc6 Rc7 30. Rxc7 Bxc7 31. f3 f5 32. Nf2 c4 33. b3 b5 34. bxc4 bxc4 35. Kd2 Kf6 36. Nd1 g4 37. Ke2 Kg5 38. Nb2 Kxh5 39. Nxc4 Kh4 40. Kf2 h5 41. a3 Kg5 42. Kf1 Kf6 43. Nb2 Ke5 44. Nd3+ Kd5 45. Ke2 Kc4 46. Kd2 h4 47. Nb2+ Kb3 48. Nd1 Kxa3 49. Nf2 Bb6 50. Nd3 gxf3 51. gxf3 h3 52. Ne5 0-1


[Site "https://www.chess.com"]

[Event "Titled Tuesday Blitz March 01 Early 2022"]
[White "Aldokhin, Ivan"]
[Black "Obolenskikh, Dmitry"]
[WhiteFideId "24115720"]
[BlackFideId "4156013"]
[WhiteElo "2231"]
[BlackElo "2512"]
[Result "1/2-1/2"]
[Round "10"]
[TimeControl "180+1"]
[Date "2022.03.01"]
[WhiteClock "0:00:06"]
[BlackClock "0:00:20"]

1. e4 e5 2. Nf3 Nc6 3. Bb5 a6 4. Ba4 Nf6 5. O-O Be7 6. Re1 b5 7. Bb3 d6 8. c3 O-O 9. d4 Bg4 10. d5 Na5 11. Bc2 Qc8 12. h3 Bd7 13. Nbd2 c6 14. dxc6 Qxc6 15. Nf1 Rfc8 16. Bd3 Nb7 17. Bg5 Nc5 18. Bc2 Bd8 19. Ng3 h6 20. Bd2 Bc7 21. Nh4 d5 22. Nhf5 Re8 23. exd5 Qxd5 24. Qe2 e4 25. Ne3 Qe5 26. Rad1 Rad8 27. b4 Nd3 28. Bxd3 exd3 29. Qf3 Qf4 30. Qxf4 Bxf4 31. Nef1 Rxe1 32. Rxe1 Bxd2 33. Nxd2 Be6 34. a3 Rc8 35. Nge4 Nxe4 36. Nxe4 Bd5 37. Nc5 a5 38. Rd1 axb4 39. axb4 Bc4 40. Nxd3 Bb3 41. Rc1 Bc4 42. Ne5 Be6 43. f3 f6 44. Nd3 Rc4 45. Kf2 Kf7 46. Ke3 g5 47. Nb2 Rc7 48. Nd3 h5 49. Nc5 Bc4 50. Ra1 Re7+ 51. Kd4 h4 52. Ra6 Re2 53. Ne4 Rxg2 54. Rxf6+ Ke7 55. Rg6 Be2 56. Rxg5 Bxf3 57. Rxg2 Bxg2 58. Nf2 Bf1 59. Kc5 Kf6 60. Kd4 Kf5 61. Ke3 Ke5 62. Kf3 Kd5 63. Kg4 Kc4 64. Ne4 Bd3 65. Nd6+ Kxc3 66. Kxh4 Kxb4 67. Kg5 Kc5 68. Nxb5 Kxb5 69. h4 Kc4 70. h5 Kd5 71. h6 Ke6 72. h7 Bxh7 1/2-1/2


[Site "https://www.chess.com"]

[Event "Titled Tuesday Blitz March 01 Early 2022"]
[White "Alfaro, William"]
[Black "Tsyhanchuk, Stanislav"]
[WhiteFideId "6100457"]
[BlackFideId "13505130"]
[WhiteElo "2066"]
[BlackElo "2078"]
[Result "1-0"]
[Round "10"]
[TimeControl "180+1"]
[Date "2022.03.01"]
[WhiteClock "0:02:16"]
[BlackClock "0:00:06"]

1. e4 c5 2. Nf3 d6 3. d4 cxd4 4. Nxd4 Nf6 5. Nc3 a6 6. Bg5 e6 7. Qf3 Be7 8. O-O-O Qb6 9. Be3 Qc7 10. Be2 b5 11. Qg3 Rg8 12. Bxb5+ axb5 13. Ndxb5 Qb7 14. Rxd6 Nxe4 15. Nxe4 Qxb5 16. Rhd1 Rxa2 17. Rd8+ Bxd8 18. Nd6+ Kf8 19. Nxb5 Ra1+ 20. Kd2 Rxd1+ 21. Kxd1 Ba5 22. Qxb8 1-0


[Site "https://www.chess.com"]

[Event "Titled Tuesday Blitz March 01 Early 2022"]
[White "Ambartsumova, Karina"]
[Black "Rangel, Daniel"]
[WhiteFideId "4166299"]
[BlackFideId "2124475"]
[WhiteElo "2262"]
[BlackElo "2187"]
[Result "1-0"]
[Round "10"]
[TimeControl "180+1"]
[Date "2022.03.01"]
[WhiteClock "0:00:20"]
[BlackClock "0:00:17"]

1. d4 Nf6 2. c4 g6 3. Nc3 Bg7 4. e4 O-O 5. Nf3 d6 6. Be2 e5 7. O-O Nc6 8. d5 Ne7 9. Ne1 Nd7 10. f3 f5 11. Be3 f4 12. Bf2 Nf6 13. Nd3 g5 14. c5 Rf7 15. cxd6 cxd6 16. Rc1 Ng6 17. Nb5 a6 18. Na3 b5 19. Nb4 h5 20. h3 Nh8 21. Nb1 Bf8 22. a4 bxa4 23. Nc3 Rg7 24. Nxa4 g4 25. fxg4 hxg4 26. Nb6 gxh3 27. Nxc8 Rxc8 28. Bh4 Rxc1 29. Qxc1 Qb6+ 30. Kh2 Rxg2+ 31. Kxh3 Rxe2 32. Bxf6 Qxb4 33. Rg1+ Kf7 34. Qc7+ Kxf6 35. Qd8+ Kf7 36. Qd7+ Be7 37. Qe6+ Kf8 38. Rg8# 1-0


[Site "https://www.chess.com"]

[Event "Titled Tuesday Blitz March 01 Early 2022"]
[White "Ardila, Oscar Humberto"]
[Black "Selkirk, Rebecca"]
[WhiteFideId "4404742"]
[BlackFideId "14306514"]
[WhiteElo "1898"]
[BlackElo "1649"]
[Result "1-0"]
[Round "10"]
[TimeControl "180+1"]
[Date "2022.03.01"]
[WhiteClock "0:01:30"]
[BlackClock "0:01:25"]

1. d4 d5 2. c4 c6 3. cxd5 cxd5 4. Nc3 Nf6 5. Nf3 Nc6 6. Bf4 a6 7. e3 Bg4 8. Be2 e6 9. O-O Bd6 10. Bxd6 Qxd6 11. Rc1 O-O 12. Na4 Rac8 13. Nc5 Qe7 14. h3 Bh5 15. a3 Ne4 16. Nxe4 dxe4 17. Nd2 Bxe2 18. Qxe2 f5 19. Nc4 e5 20. d5 Nb8 21. Rfd1 Rfd8 22. Qh5 Qf6 23. b4 g6 24. Qh6 f4 25. d6 Nd7 26. a4 f3 27. Nd2 Rxc1 28. Rxc1 Qxd6 29. Nxe4 Qxb4 30. Ng5 Nf6 31. gxf3 Qxa4 32. Rc7 1-0


[Site "https://www.chess.com"]

[Event "Titled Tuesday Blitz March 01 Early 2022"]
[White "Astasio Lopez, David"]
[Black "Yuan, Qingyu"]
[WhiteFideId "2230208"]
[BlackFideId "8609772"]
[WhiteElo "2355"]
[BlackElo "2359"]
[Result "1/2-1/2"]
[Round "10"]
[TimeControl "180+1"]
[Date "2022.03.01"]
[WhiteClock "0:00:03"]
[BlackClock "0:00:05"]

1. d4 Nf6 2. Nf3 g6 3. Nbd2 d5 4. e3 Bg7 5. b4 O-O 6. Bb2 Bf5 7. Be2 Nbd7 8. O-O a5 9. b5 c5 10. c4 Ne4 11. cxd5 Nb6 12. Ne5 cxd4 13. Bxd4 Qxd5 14. Nxe4 Bxe4 15. Bxb6 Bxe5 16. Qxd5 Bxd5 17. Rad1 Bxa2 18. Rd7 Bd6 19. Bf3 a4 20. Ra1 Bb3 21. Bxb7 Be5 22. Bd4 Bxd4 23. Rxd4 Ra5 24. Bc6 Rb8 25. Rb4 Bc2 26. Ra3 Ra7 27. h4 Rc7 28. Rc3 Bb3 29. b6 Rcc8 30. b7 Rc7 31. Rb6 Bd5 32. Bxd5 Rxc3 33. Ra6 Rb3 34. Ra8 Rxb7 35. Bxb7 Rxa8 36. Bxa8 e6 37. Be4 a3 38. Bb1 Kf8 39. Ba2 Ke7 40. g4 Kd6 41. Kg2 Kc5 42. Kg3 Kb4 43. Kf4 Kc3 44. Ke5 Kb2 45. Bc4 Kc3 46. Ba2 Kb2 47. Bc4 Kc3 48. Ba2 1/2-1/2


[Site "https://www.chess.com"]

[Event "Titled Tuesday Blitz March 01 Early 2022"]
[White "Bambino Filho, Antonio Carlos"]
[Black "Zia, Tahsin Tajwar"]
[WhiteFideId "2113163"]
[BlackFideId "10211888"]
[WhiteElo "2452"]
[BlackElo "1800"]
[Result "1-0"]
[Round "10"]
[TimeControl "180+1"]
[Date "2022.03.01"]
[WhiteClock "0:00:54"]
[BlackClock "0:00:03"]

1. d4 d5 2. c4 e6 3. Nf3 Nf6 4. Nc3 a6 5. c5 b6 6. cxb6 cxb6 7. Bf4 Bd6 8. Bg5 h6 9. Bh4 Bb7 10. e3 b5 11. Bd3 Nbd7 12. O-O Qa5 13. a4 b4 14. Ne2 Ne4 15. Nc1 f5 16. Nb3 Qc7 17. Rc1 Qb8 18. Ne5 Nxe5 19. dxe5 Bxe5 20. Qh5+ Kf8 21. Bxe4 dxe4 22. Qg6 Qe8 23. Qxe8+ Kxe8 24. Bg3 Bxb2 25. Rc7 Bd5 26. Nd4 Bxd4 27. exd4 b3 28. Bd6 Rb8 29. Ba3 Kd8 30. Rxg7 Rc8 31. Bc5 Rc7 32. Bb6 b2 33. Bxc7+ Ke8 34. Rb1 Kf8 35. Rd7 Ke8 36. Rd8+ Ke7 37. Rxh8 1-0


[Site "https://www.chess.com"]